 Dungeon Crawl Stone Soup version 0.23.2 (webtiles) character file.

Game seed: 8330932534192590828

105 Kairos the Charmwright (level 5, -6/40 HPs)
             Began as a Human Skald on Apr 9, 2019.
             Mangled by a river rat (8 damage)
             ... on level 3 of the Dungeon.
             The game lasted 00:04:40 (3403 turns).

Kairos the Charmwright (Human Skald)                Turns: 3403, Time: 00:04:40

Health: -6/40      AC:  5    Str: 12    XL:     5   Next: 8%
Magic:  7/8        EV: 11    Int: 13    God:
Gold:   118        SH:  0    Dex: 18    Spells: 7/8 levels left

rFire    . . .     SeeInvis .   u - +0 trident
rCold    . . .     Gourm    +   (no shield)
rNeg     . . .     Faith    .   t - +0 ring mail
rPois    +         Spirit   .   (no helmet)
rElec    .         Reflect  .   (no cloak)
rCorr    .         Harm     .   (no gloves)
MR       .....                  (no boots)
Stlth    +.........             e - amulet of the gourmand
HPRegen  0.13/turn              k - +5 ring of dexterity
MPRegen  0.11/turn              l - ring of poison resistance

@: infused, hasted, very quick
A: no striking features
a: no special abilities


You were on level 3 of the Dungeon.
You were not hungry.

You visited 1 branch of the dungeon, and saw 3 of its levels.

You collected 118 gold pieces.

Inventory:

Hand Weapons
 a - a +0 spear
 u - a +0 trident (weapon)
Armour
 b - a +0 leather armour
 t - a +0 ring mail (worn)
Jewellery
 e - an amulet of the gourmand (around neck)
 k - a +5 ring of dexterity (left hand)
 l - a ring of poison resistance (right hand)
Scrolls
 c - 2 scrolls of noise {unknown}
 g - 2 scrolls of magic mapping
 i - 2 scrolls of immolation {unknown}
 n - a scroll of enchant weapon {unknown}
 o - a scroll of remove curse {unknown}
 p - a scroll of enchant armour {unknown}
 r - a scroll of fear {unknown}
 s - a scroll of blinking {unknown}
Potions
 f - a potion of resistance {unknown}
 h - 2 potions of agility
 j - a potion of haste
 m - a potion of might {unknown}
 q - a potion of flight {unknown}
 v - a potion of lignification {unknown}
Comestibles
 d - 10 rations


   Skills:
 + Level 2.8 Fighting
 + Level 2.9 Polearms
 + Level 1.7 Armour
 + Level 2.5 Dodging
 + Level 0.5 Stealth
 + Level 2.0 Spellcasting
 + Level 3.5 Charms


You had 7 spell levels left.
You knew the following spells:

 Your Spells              Type           Power        Failure   Level  Hunger
a - Infusion              Chrm           ##..         13%         1    ##.....

Your spell library contained the following spells:

 Spells                   Type           Power        Failure   Level  Hunger
 Song of Slaying          Chrm           ##......     21%         2    ###....
 Shroud of Golubria       Chrm/Tloc      #.........   38%         2    ###....
 Regeneration             Chrm/Necr      #.........   63%         3    ####...
 Spectral Weapon          Hex/Chrm       #.......     63%         3    ####...


Dungeon Overview and Level Annotations

Branches:
Dungeon (3/15)

Altars:
Sif Muna
Vehumet


Message History

The river rat is heavily wounded.
The river rat bites you.
* * * LOW HITPOINT WARNING * * *
You barely miss the river rat.
The river rat is heavily wounded.
The river rat bites you.
* * * LOW HITPOINT WARNING * * *
You hit the river rat but do no damage.
The river rat is heavily wounded.
The river rat bites you.
* * * LOW HITPOINT WARNING * * *
The orc hits you but does no damage.
The orc throws a stone.
The stone barely misses you.
The river rat bites you but does no damage.
Casting: Infusion (safe; 13% risk of failure)
Confirm with . or Enter, or press ? or * to list all spells.
Okay, then.
Okay, then.
You feel yourself speed up. The river rat bites you!
You die...

,,,**,,......* *,,,,,,*
*****,,......#***,**,,*
*,,.......,,,,,,,,*
*,,....(..##*#.#.#*
*****,,........###.#.#
,,,,,,,,,,,+*#'.##.#.#
,,,,,,,,,,,#≈≈#.o#...#
,,,,,,,**,*#≈r##r##..##
,,,,,,,,,,#≈s≈≈#@##...#
********,,#≈sr≈#..#...#
*,,##≈≈##......#
*,,,#≈≈#.......######
**,*#++##...........#
*,*≈∩≈≈#.####......#
*,*****#.# #......#
*,,,,,,..#
##..####*#***
****,,##.#*
#..####,.,,*


You could see a river rat and an orc.

Vanquished Creatures
  3 adders
  3 worms (D:2)
  5 dart slugs
  3 leopard geckos
  3 orcs
  A ball python (D:2)
  3 giant cockroaches
  5 goblins
  3 hobgoblins
  3 jackals (D:1)
  4 kobolds
  7 bats
  2 frilled lizards (D:1)
  8 rats
53 creatures vanquished.

Notes
Turn   | Place    | Note
-------+----------+-------------------------------------------
     0 | D:1      | Kairos the Human Skald began the quest for the Orb.
     0 | D:1      | Reached XP level 1. HP: 16/16 MP: 3/3
   169 | D:1      | Reached XP level 2. HP: 12/22 MP: 5/5
   711 | D:1      | Reached XP level 3. HP: 21/27 MP: 6/6
  1570 | D:2      | Found a faded altar of an unknown god.
  1639 | D:2      | Reached XP level 4. HP: 21/34 MP: 7/7
  2203 | D:2      | Found a radiant altar of Vehumet.
  2592 | D:2      | Found a deep blue altar of Sif Muna.
  3329 | D:3      | Reached XP level 5. HP: 20/40 MP: 8/8
  3400 | D:3      | HP: 1/40 [river rat (6)]
  3403 | D:3      | Mangled by a river rat

Action                   |  1- 3 |  4- 6 || total
-------------------------+-------+-------++-------
Melee: Spear             |   176 |   109 ||   285
       Trident           |       |    23 ||    23
 Cast: Infusion          |       |     2 ||     2
  Use: Scroll            |     2 |     1 ||     3
       Potion            |     1 |     1 ||     2
 Stab: Sleeping          |     1 |       ||     1
  Eat: Chunk             |     5 |     3 ||     8
       Ration            |       |     1 ||     1
Armor: Leather armour    |    58 |    14 ||    72
       Ring mail         |       |     6 ||     6
Dodge: Dodged            |   143 |    73 ||   216
